 Dungeon Crawl Stone Soup version 0.26.1 (webtiles) character file.

Game seed: 817612733213267807

620 pokeman the Magician (level 7, -7/39 HPs)
             Began as a Deep Elf Hedge Wizard on Feb 6, 2021.
             Mangled by an ogre
             ... wielding a +0 giant spiked club
              (26 damage)
             ... on level 5 of the Dungeon.
             The game lasted 00:08:42 (5583 turns).

pokeman the Magician (Deep Elf Hedge Wizard)        Turns: 5583, Time: 00:08:43

Health: -7/39      AC:  3    Str:  7    XL:     7   Next: 22%
Magic:  11/20      EV: 13    Int: 21    God:
Gold:   173        SH:  0    Dex: 20    Spells: 10/21 levels left

rFire    . . .     SeeInvis .   m - +2 flail (protect)
rCold    . . .     Faith    .   (no shield)
rNeg     . . .     Spirit   .   d - +0 leather armour
rPois    .         Reflect  .   c - +0 hat
rElec    .         Harm     .   (no cloak)
rCorr    .         Rampage  .   (no gloves)
Will     .....                  (no boots)
Stlth    +++.......             (no amulet)
HPRegen  0.13/turn              s - ring of stealth
MPRegen  0.17/turn              k - +6 ring of dexterity

@: no status effects
A: no striking features
a: no special abilities


You were on level 5 of the Dungeon.
You visited 1 branch of the dungeon, and saw 5 of its levels.

You collected 173 gold pieces.

Inventory:

Hand Weapons
 m - a +2 flail of protection (weapon)
Missiles
 x - 17 bolts
 y - 24 arrows
Armour
 c - a +0 hat (worn)
 d - a +0 leather armour (worn)
 t - a +0 tower shield
Jewellery
 g - a +4 ring of evasion
 k - a +6 ring of dexterity (right hand)
 s - a ring of stealth (left hand)
Scrolls
 a - 2 scrolls of teleportation {unknown}
 b - 2 scrolls of amnesia {unknown}
 f - 3 scrolls of identify {unknown}
 l - a scroll of noise {unknown}
 p - 3 scrolls of remove curse {unknown}
 q - a scroll of fear {unknown}
 u - a scroll of immolation {unknown}
 w - a scroll of enchant weapon {unknown}
 z - a scroll of blinking {unknown}
Potions
 e - 2 potions of might {unknown}
 h - a potion of brilliance {unknown}
 i - a potion of resistance {unknown}
 j - 2 potions of lignification {unknown}
 n - a potion of degeneration {unknown}
 o - 2 potions of haste {unknown}
 r - a potion of mutation {unknown}
 v - a potion of invisibility {unknown}
 A - 2 potions of attraction {unknown}


   Skills:
 + Level 1.8 Fighting
 - Level 1.0 Armour
 - Level 3.0 Dodging
 - Level 3.1 Stealth
 - Level 1.0 Shields
 * Level 7.9 Spellcasting
 + Level 3.8 Conjurations
 - Level 1.1 Summonings
 - Level 1.1 Translocations
 + Level 1.6 Fire Magic
 - Level 1.0 Air Magic
 - Level 1.0 Poison Magic


You had 10 spell levels left.
You knew the following spells:

 Your Spells              Type           Power        Failure   Level
a - Magic Dart            Conj           96%          2%          1
b - Mephitic Cloud        Conj/Pois/Air  16%          16%         3
c - Call Imp              Summ           12%          11%         2
d - Blink                 Tloc           N/A          11%         2
e - Conjure Flame         Conj/Fire      19%          12%         3

Your spell library contained the following spells:

 Spells                   Type           Power        Failure   Level
 Slow                     Hex            8%           19%         2


Dungeon Overview and Level Annotations

Branches:
Dungeon (5/15)
 Temple: D:4-7

Altars:
Qazlal
Sif Muna
The Shining One


Message History

The ogre hits you with a +0 giant spiked club!
You feel less confused.
Casting: Blink (safe; 11% risk of failure)
Confirm with . or Enter, or press ? or * to list all spells.
The spell is quite dangerous to cast (16% risk of failure)!
Continue anyway?
Aiming: Mephitic Cloud (quite dangerous; 16% risk of failure)
Press: ? - help, Shift-Dir - straight line, f/p - ogre
Aim: an ogre, wielding a +0 giant spiked club The ball explodes into a vile cloud!
The stinking cloud engulfs the ogre but does no damage.
The ogre is engulfed in noxious fumes.
The ogre appears confused.
Unknown command.
Unknown command.
Casting: Mephitic Cloud (quite dangerous; 16% risk of failure)
Confirm with . or Enter, or press ? or * to list all spells.
A beastly little devil appears in a puff of frigid air.
The ogre is engulfed in noxious fumes.
The ogre hits you with a +0 giant spiked club!!
Ouch! That really hurt!
You die...

###
..#
#.#
#.#
#.#
#@#
#O#
#5#
#○#
###


You could see an ogre (confused) and a friendly white imp (summoned).

Vanquished Creatures
  An ogre (D:4)
  2 orc priests
  2 orc wizards (D:4)
  A bullfrog skeleton (D:4)
  4 worker ants
  A centaur skeleton (D:4)
  Terence (D:2)
  A hound skeleton (D:4)
  13 adders
  2 oozes
  3 worms
  4 dart slugs
  2 leopard geckos
  7 orcs
  5 giant cockroaches
  7 goblins
  10 hobgoblins
  2 jackals (D:2)
  2 quokkas (D:2)
  10 ball pythons
  7 bats
  4 frilled lizards
  5 kobolds
  A leopard gecko skeleton (D:4)
  9 rats
106 creatures vanquished.

Notes
Turn   | Place    | Note
-------+----------+-------------------------------------------
     0 | D:1      | pokeman the Deep Elf Hedge Wizard began the quest for the
                  | Orb.
     0 | D:1      | Reached XP level 1. HP: 10/10 MP: 7/7
   472 | D:1      | Reached XP level 2. HP: 14/16 MP: 5/9
   926 | D:1      | Reached skill level 5 in Spellcasting
  1120 | D:1      | Reached XP level 3. HP: 20/20 MP: 9/11
  1124 | D:1      | Learned a level 3 spell: Mephitic Cloud
  1127 | D:1      | Learned a level 2 spell: Call Imp
  1130 | D:1      | Learned a level 2 spell: Blink
  1134 | D:1      | Learned a level 3 spell: Conjure Flame
  1664 | D:2      | Found a stormy altar of Qazlal.
  1672 | D:2      | Noticed Terence
  1684 | D:2      | Killed Terence
  1685 | D:2      | Reached skill level 1 in Fighting
  1685 | D:2      | Reached skill level 1 in Armour
  1907 | D:2      | Reached XP level 4. HP: 17/25 MP: 4/13
  2376 | D:2      | Found a faded altar of an unknown god.
  2489 | D:2      | Reached skill level 1 in Fire Magic
  2751 | D:2      | You fall into a shaft and drop 1 floor!
  2946 | D:3      | Reached skill level 6 in Spellcasting
  3064 | D:3      | Reached XP level 5. HP: 29/29 MP: 8/15
  3586 | D:3      | Reached skill level 1 in Air Magic
  3756 | D:3      | Found a shimmering blue altar of Sif Muna.
  3938 | D:4      | Noticed an ogre
  4105 | D:4      | Reached XP level 6. HP: 34/34 MP: 14/17
  4409 | D:4      | Reached skill level 1 in Poison Magic
  4463 | D:4      | Reached skill level 1 in Shields
  4463 | D:4      | Reached skill level 7 in Spellcasting
  4949 | D:4      | Found a glowing golden altar of the Shining One.
  5108 | D:4      | Reached XP level 7. HP: 34/38 MP: 16/20
  5575 | D:5      | Entered Level 5 of the Dungeon
  5583 | D:5      | Mangled by an ogre

Illustrated notes

Levels and vault maps discovered:
D:1:      dpeg_arrival_morbid_curiosity, layout_loops_ring, minmay_pentomino_u4
D:2:      layout_rooms, lemuel_crystal_altar,
          chequers_ecumenical_altar_simple_redux, uniq_terence
D:3:      layout_rooms, lemuel_coloured_pillars_altar
D:4:      layout_basic, tso_metal_star, minmay_snake_closets
D:5:      layout_basic, riverfiend_overflow_shadow_ancestor,
          minmay_misc_feat_rugged, bh_walls_and_bars

Skill      XL: |  1  2  3  4  5  6 |
---------------+-------------------+-----
Spellcasting   | 5 6 7 |  7.9
Fighting       | 1 |  1.8
Armour         | 1 |  1.0
Conjurations   | 2 3 |  3.8
Fire Magic     | 1 |  1.6
Dodging        | 3 |  3.0
Air Magic      | 1 |  1.0
Poison Magic   | 1 |  1.0
Shields        | 1 |  1.0
Stealth        | 3 |  3.1
Summonings     | |  1.1
Translocations | |  1.1

Action                   |  1- 3 |  4- 6 |  7- 9 || total
-------------------------+-------+-------+-------++-------
Melee: Dagger            |     6 |       |       ||     6
       Flail             |     3 |    12 |    12 ||    27
 Cast: Magic Dart        |    89 |   186 |    13 ||   288
       Conjure Flame     |     1 |     4 |       ||     5
       Mephitic Cloud    |     1 |     2 |     5 ||     8
       Blink             |       |       |     1 ||     1
       Call Imp          |       |       |     1 ||     1
 Stab: Confused          |     3 |     3 |     2 ||     8
       Sleeping          |     1 |       |       ||     1
Armor: Leather armour    |     3 |     6 |     2 ||    11
Dodge: Dodged            |    25 |    27 |    10 ||    62
